 Dungeon Crawl Stone Soup version 0.22-a0-407-gb098539 (webtiles) character file.

1303 dstrtnsr the Ruffian (level 8, -10/79 HPs)
             Began as a Troll Fighter on May 10, 2018.
             Was a Follower of Okawaru.
             Mangled by an ogre
             ... wielding a +0 giant club
              (25 damage)
             ... on level 6 of the Dungeon.
             The game lasted 00:02:52 (2763 turns).

dstrtnsr the Ruffian (Troll Fighter)                Turns: 2763, Time: 00:02:52

Health: -10/79     AC:  5    Str: 27    XL:     8   Next: 31%
Magic:  7/7        EV:  9    Int:  4    God:    Okawaru [*.....]
Gold:   49         SH: 10    Dex:  9    Spells: 7/7 levels left

rFire    . . .     SeeInvis .     - Unarmed
rCold    . . .     Gourm    +   b - +0 shield
rNeg     . . .     Faith    .   a - +0 robe
rPois    .         Spirit   .   (helmet restricted)
rElec    .         Reflect  .   (no cloak)
rCorr    .         Harm     .   (gloves unavailable)
MR       .....                  (boots unavailable)
Stlth    +.........             (no amulet)
HPRegen  0.63/turn              (no ring)
MPRegen  0.10/turn              (no ring)

@: no status effects
A: large, unfitting armour, claws 3, fast metabolism 3, gourmand, regeneration
1, shaggy fur 1, tough skin 2
a: Heroism, Renounce Religion


You were on level 6 of the Dungeon.
You worshipped Okawaru.
Okawaru was aware of your devotion.
You were not hungry.

You visited 2 branches of the dungeon, and saw 7 of its levels.

You collected 107 gold pieces.
You spent 58 gold pieces at shops.

Inventory:

Armour
 a - a +0 robe (worn)
 b - a +0 shield (worn)
Jewellery
 m - a cursed ring of teleportation {unknown}
 q - a +4 ring of strength {unknown}
 t - an uncursed ring of magical power {unknown}
 v - an uncursed ring of wizardry {unknown}
Scrolls
 h - a scroll of fear {unknown}
 i - a scroll of fog {unknown}
 k - a scroll of blinking {unknown}
 l - a scroll of teleportation {unknown}
 n - a scroll of remove curse {unknown}
 p - a scroll of random uselessness {unknown}
 u - a scroll of identify {@r1}
Potions
 c - a potion of might
 d - 2 potions of agility
 f - 2 potions of heal wounds
 g - 2 potions of curing {@q1}
 j - a potion of haste {unknown}
 o - a potion of degeneration {unknown}
 r - a potion of berserk rage
 s - a potion of flight {unknown}
Comestibles
 e - 6 rations {!d}


   Skills:
 + Level 4.8 Fighting
 - Level 2.4 Dodging
 + Level 4.7 Shields
 * Level 7.3 Unarmed Combat
 + Level 1.2 Invocations


You had 7 spell levels left.
You didn't know any spells.

Dungeon Overview and Level Annotations

Branches:
Dungeon (6/15)             Temple (1/1) D:5

Altars:
Ashenzari
Cheibriados
Fedhas
Kikubaaqudgha
Nemelex Xobeh
Okawaru
Sif Muna
Trog
Uskayaw
Vehumet
Wu Jian
Xom

Shops:
D:5 *

Annotations:
D:3 dstrtnsr's ghost, amateur TrFi


Innate Abilities, Weirdness & Mutations

You are too large for most types of armour.
You have claws for hands.
Your metabolism is lightning-fast.
You like to eat raw meat.
Your natural rate of healing is unusually fast.
You are covered in fur. (AC +1)
You have very tough skin. (AC +2)


Message History

Your Unarmed Combat skill increases to level 7!
You block the jackal's attack.
You miss the jackal.
The howler monkey hoots and howls with incredible vigour!
The jackal bites you but does no damage.
You hear a bark!
You closely miss the jackal.
The jackal bites you but does no damage.
You scratch the jackal.
The jackal is heavily wounded.
The jackal barely misses you. You block the jackal's attack.
You closely miss the jackal.
The jackal is heavily wounded.
The jackal closely misses you.
You barely miss the jackal.
The jackal is heavily wounded.
Dowan casts a spell.
Dowan blinks!
The jackal misses you.
You miss the jackal.
The jackal is heavily wounded.
You block the jackal's attack.
You claw the jackal!
You kill the jackal!
Okawaru accepts your kill.
You barely miss the howler monkey. The howler monkey barely misses you.
You closely miss the howler monkey. The howler monkey hits you!
You claw the howler monkey!
The howler monkey is heavily wounded.
The howler monkey hits you.
You scratch the howler monkey but do no damage.
The howler monkey is heavily wounded.
Dowan casts a spell.
Dowan blinks!
You block the howler monkey's attack.
You scratch the howler monkey.
The howler monkey is severely wounded.
The howler monkey hits you.
You mangle the howler monkey!!
You kill the howler monkey!
Okawaru accepts your kill.
Your Invocations skill increases to level 1!
An ogre comes into view. It is wielding a giant club.
The ogre shouts!
You claw the worker ant!
The worker ant is severely wounded.
The worker ant closely misses you.
You scratch the worker ant but do no damage.
The worker ant is severely wounded.
You block the worker ant's attack.
Okay, then.
Unknown command.
You barely miss the worker ant.
The worker ant is severely wounded.
The worker ant bites you but does no damage. x2
You claw the worker ant!
You kill the worker ant!
Okawaru accepts your kill.
You closely miss Dowan. You block Dowan's attack. x2
Your shield prevents you from hitting Dowan.
You block Dowan's attack. The ogre hits you with a giant club!
You mangle Dowan!!
Dowan is almost dead.
You block Dowan's attack.
You closely miss Dowan.
Dowan is almost dead.
Dowan mumbles some strange words.
Dowan blinks!
The ogre hits you with a giant club!!
* * * LOW HITPOINT WARNING * * *
You are too injured to fight recklessly!
You are too injured to fight recklessly!
You are too injured to fight recklessly!
You are too injured to fight recklessly!
You are too injured to fight recklessly!
You are too injured to fight recklessly!
You are too injured to fight recklessly!
You are too injured to fight recklessly!
You are too injured to fight recklessly!
You are too injured to fight recklessly!
You are too injured to fight recklessly!
You are too injured to fight recklessly!
Okay, then.
Found 17 gold pieces and 20 stones.
Things that are here:
a short sword; a dyed leather armour; a worker ant corpse Dowan says, "Magic will overcome all!"
Dowan mumbles some strange words.
Dowan blinks!
Dowan is no longer moving quickly.
You block Dowan's attack.
You scratch Dowan.
You kill Dowan!
Okawaru accepts your kill.
You can now gain great but temporary skills.
The ogre hits you with a giant club!
* * * LOW HITPOINT WARNING * * *
You scratch the ogre.
The ogre is lightly wounded.
You claw the ogre!
The ogre is severely wounded.
The ogre hits you with a giant club!!
You die...

#.....# #.....#
#.....### #........
###########........
#........##........
#........###.......
#........###.......
#.@O.....).'.......
#..).....###.......
#........# #.......
#........# #..[...)
#........# #....(..
#....(.$.# #.......
#........# #####...
########.# #...
#..#


You could see an ogre.

Vanquished Creatures
  Eustachio (D:6)
  Edmund (D:5)
  Duvessa (D:6)
  An ogre (D:4)
  A centaur (D:6)
  Blork the orc (D:4)
  Dowan (D:6)
  2 scorpions (D:4)
  2 howler monkeys (D:6)
  A crimson imp (D:5)
  3 hounds
  An orc priest (D:3)
  3 orc wizards
  A worker ant (D:6)
  4 iguanas
  A hound skeleton (D:5)
  4 adders
  A shadow imp (D:5)
  An ooze (D:4)
  A worm (D:5)
  3 dart slugs
  A leopard gecko (D:5)
  12 orcs
  A giant cockroach (D:5)
  2 goblins (D:2)
  2 hobgoblins
  10 jackals
  2 bats (D:2)
  4 frilled lizards
  A jackal zombie (D:5)
  3 kobolds
  4 rats
77 creatures vanquished.

Notes
Turn   | Place    | Note
-------+----------+-------------------------------------------
     0 | D:1      | dstrtnsr the Troll Fighter began the quest for the Orb.
     0 | D:1      | Reached XP level 1. HP: 22/22 MP: 0/0
   226 | D:2      | Reached XP level 2. HP: 29/29 MP: 1/1
   376 | D:3      | Noticed dstrtnsr's ghost (amateur TrFi)
   404 | D:3      | Reached XP level 3. HP: 31/36 MP: 2/2
   407 | D:3      | Reached skill level 3 in Unarmed Combat
   494 | D:3      | Reached XP level 4. HP: 44/44 MP: 3/3
   574 | D:4      | Noticed an ogre
   581 | D:4      | HP: 16/44 [orc/club (5)]
   582 | D:4      | Killed an ogre
   582 | D:4      | Reached skill level 4 in Unarmed Combat
   582 | D:4      | Reached XP level 5. HP: 20/53 MP: 4/4
   589 | D:4      | HP: 21/53 [poisoned by a scorpion]
   594 | D:4      | HP: 20/53 [poisoned by a scorpion]
   600 | D:4      | HP: 21/53 [poisoned by a scorpion]
   740 | D:4      | Found an ornate altar of the Wu Jian Council.
   814 | D:4      | Reached XP level 6. HP: 44/61 MP: 5/5
   817 | D:4      | HP: 24/61 [iguana (10)]
   899 | D:4      | Noticed Blork the orc
   906 | D:4      | Killed Blork the orc
   906 | D:4      | Reached skill level 5 in Unarmed Combat
   906 | D:4      | HP: 14/61 [iguana (11)]
   914 | D:4      | HP: 24/62 [orc/war axe of chopping (2)]
  1163 | D:4      | Reached XP level 7. HP: 62/68 MP: 6/6
  1262 | D:5      | Entered Level 5 of the Dungeon
  1318 | D:5      | Found a shattered altar of Ashenzari.
  1581 | D:5      | Found Xasos's Assorted Antiques.
  1589 | D:5      | Bought a puce potion for 29 gold pieces
  1589 | D:5      | Bought a fizzy blue potion for 29 gold pieces
  1671 | D:5      | Noticed Edmund
  1680 | D:5      | Killed Edmund
  1680 | D:5      | Reached skill level 6 in Unarmed Combat
  1913 | D:5      | Found a staircase to the Ecumenical Temple.
  2245 | Temple   | Entered the Ecumenical Temple
  2463 | Temple   | Became a worshipper of Warmaster Okawaru
  2540 | D:6      | Noticed Eustachio
  2556 | D:6      | Killed Eustachio
  2556 | D:6      | Reached XP level 8. HP: 73/79 MP: 7/7
  2715 | D:6      | Noticed Dowan
  2716 | D:6      | Noticed Duvessa
  2731 | D:6      | Killed Duvessa
  2731 | D:6      | Reached skill level 7 in Unarmed Combat
  2744 | D:6      | Reached skill level 1 in Invocations
  2752 | D:6      | HP: 21/79 [ogre/giant club (22)]
  2761 | D:6      | Killed Dowan
  2761 | D:6      | Reached * piety under Okawaru
  2761 | D:6      | HP: 14/79 [ogre/giant club (13)]
  2763 | D:6      | Mangled by an ogre

Vault maps used:
D:1:      kilobyte_arrival_exit_the_forest
D:2:      marbit_many_paths, old_standard_altar, nicolae_overflow_crystal_walls
D:3:      yredelemnul_altar_generic, chequers_ecumenical_altar_island,
          gup_sewer_entry_glass, first_ration
D:4:      lemuel_crystal_altar, uniq_blork_the_orc
D:5:      evilmike_ruin_ashenzari, minmay_temple_entry_purple_smoke,
          serial_shops, shop_statue, uniq_edmund
D:6:      nemelex_dance_club_becter, uniq_eustachio, uniq_duvessa
Temple:   jpeg_temple_alley_garden

Skill      XL: |  1  2  3  4  5  6  7  8 |
---------------+-------------------------+-----
Unarmed Combat | 3 4 5 6 7 |  7.3
Fighting       | 3 4 |  4.8
Shields        | 3 4 |  4.7
Invocations    | 1 |  1.2
Dodging        | |  2.4

Action                   |  1- 3 |  4- 6 |  7- 9 || total
-------------------------+-------+-------+-------++-------
Melee: Unarmed           |    54 |    86 |   113 ||   253
  Use: Potion            |       |     2 |       ||     2
       Scroll            |       |     1 |     3 ||     4
 Stab: Sleeping          |     1 |       |       ||     1
  Eat: Chunk             |     8 |     8 |     8 ||    24
Armor: Robe              |    22 |    43 |    25 ||    90
Dodge: Dodged            |    17 |    24 |    19 ||    60
Block: Shield            |    32 |    45 |    46 ||   123

Table legend:
 A = Spawn XP
 B = Non-spawn XP
 C = Spawn XP percentage of total XP
 D = Spawn monster count
 E = Non-spawn monster count
 F = Spawn count percentage of total count
 G = Total turns spent on level
                    A         B        C        D         E        F      G
               +---------+---------+-------+---------+---------+-------+---------
         Total |       0 |    1862 |   0.0 |       0 |      77 |   0.0 |  2763
               +---------+---------+-------+---------+---------+-------+---------
           D:1 |       0 |       6 |   0.0 |       0 |       4 |   0.0 |   152
           D:2 |       0 |      12 |   0.0 |       0 |       8 |   0.0 |   223
           D:3 |       0 |      84 |   0.0 |       0 |      12 |   0.0 |   179
           D:4 |       0 |     669 |   0.0 |       0 |      22 |   0.0 |   708
           D:5 |       0 |     360 |   0.0 |       0 |      19 |   0.0 |  1021
           D:6 |       0 |     731 |   0.0 |       0 |      12 |   0.0 |   224
               +---------+---------+-------+---------+---------+-------+---------
